 Dungeon Crawl Stone Soup version 0.21.1-1-g345015f (webtiles) character file.

77 Mgcat the Chopper (level 4, 0/37 HPs)
             Began as a Barachi Fighter on Mar 11, 2018.
             Slain by a gnoll
             ... wielding a +0 spear
              (1 damage)
             ... on level 3 of the Dungeon.
             The game lasted 00:03:29 (1619 turns).

Mgcat the Chopper (Barachi Fighter)                 Turns: 1619, Time: 00:03:29

Health: 0/37       AC:  6    Str: 21 (22) XL:     4   Next: 33%
Magic:  4/4        EV:  9    Int:  7 (9)  God:
Gold:   137        SH:  9    Dex: 10 (11) Spells: 3/3 levels left

rFire    . . .     SeeInvis .   a - +0 war axe
rCold    . . .     Gourm    .   c - +0 shield
rNeg     . . .     Faith    .   b - +0 scale mail
rPois    .         Spirit   .   (no helmet)
rElec    .         Reflect  .   (no cloak)
rCorr    .         Harm     .   (no gloves)
MR       .....                  (no boots)
Stlth    ..........             (no amulet)
HPRegen  0.12/turn              m - +2 ring of evasion
MPRegen  0.09/turn              k - +4 ring of strength

@: slow
A: +LOS, swims, slowness 1, strong legs 1
a: Hop


You were on level 3 of the Dungeon.
You were not hungry.

You visited 1 branch of the dungeon, and saw 3 of its levels.

You collected 137 gold pieces.

Inventory:

Hand Weapons
 a - a +0 war axe (weapon)
Armour
 b - a +0 scale mail (worn)
 c - a +0 shield (worn)
Jewellery
 k - a +4 ring of strength (right hand)
   (You found it on level 1 of the Dungeon)
 m - a +2 ring of evasion (left hand)
   (You found it on level 1 of the Dungeon)
 r - an uncursed ring of resist corrosion
   (You found it on level 1 of the Dungeon)
Scrolls
 i - a scroll of fear {unknown}
 j - a scroll of noise {unknown}
 l - a scroll of amnesia {unknown}
 n - a scroll of enchant armour {unknown}
 o - 2 scrolls of identify {unknown}
 p - 3 scrolls of remove curse {unknown}
 u - a scroll of enchant weapon {unknown}
 v - a scroll of magic mapping {unknown}
Potions
 d - a potion of might
 e - a potion of lignification {!q}
 q - a potion of degeneration {!q}
 s - a potion of brilliance {unknown}
 t - a potion of curing {unknown}
Comestibles
 f - 4 rations


   Skills:
 - Level 4.1 Fighting
 + Level 4.6 Axes
 - Level 3.6 Armour
 - Level 3.2 Shields


You had 3 spell levels left.
You didn't know any spells.

Dungeon Overview and Level Annotations

Branches:
Dungeon (3/15)

Altars:
Qazlal


Innate Abilities, Weirdness & Mutations

Shadows flee at your approach. (+LOS)
You can swim through water.
You cover ground slowly.
You can hop short distances.


Message History

You open the door.
A giant cockroach comes into view.
Found a stone staircase leading down.
There is an open door here.
You hit the giant cockroach.
You kill the giant cockroach!
No target in view!
No target in view!
You butcher the giant cockroach corpse.
g - 6 chunks of flesh {@w0} (gained 2)
You open the door.
There is an open door here.
Eating one of 6 chunks of flesh {@w0}.
You eat one of the 6 chunks of flesh {@w0}.
This raw flesh tastes terrible.
Some of the chunks of flesh in your inventory have rotted away.
v - a scroll labeled JYNOSH BEKHLA Some of the chunks of flesh in your inventory have rotted away.
Some of the chunks of flesh in your inventory have rotted away.
There is a stone staircase leading up here.
You open the door.
There is an open door here.
You see here 18 stones.
Done exploring.
Done exploring.
No target in view!
Done exploring.
No target in view!
Done exploring.
No target in view!
(D) Dungeon
Where to? (Enter - D:2, ? - help)
What level of the Dungeon? (default 1, ? - help) All of the chunks of flesh in your inventory have rotted away.
There is a stone staircase leading down here.
You climb downwards. 2 gnolls come into view.
The gnoll shouts!
There is a stone staircase leading up here.
A gnoll comes into view.
A frilled lizard comes into view.
The frilled lizard hisses angrily.
The gnoll throws a throwing net.
You block the throwing net.
You see here a throwing net {=f, !d}.
The gnoll barely misses you. The gnoll hits you but does no damage.
You hit the gnoll.
The gnoll is moderately wounded.
You block the gnoll's attack.
You hit the gnoll.
The gnoll is moderately wounded.
You block the gnoll's attack.
You slash the gnoll!
You kill the gnoll!
Your scale mail prevents you from hitting the gnoll.
You block the gnoll's attack.
The gnoll hits you from afar with a spear.
You block the gnoll's attack.
You closely miss the gnoll. You block the gnoll's attack. The gnoll hits you.
You closely miss the gnoll. The gnoll hits you but does no damage.
You block the gnoll's attack.
The gnoll hits you from afar with a spear.
You are too injured to fight recklessly!
You are too injured to fight recklessly!
You are too injured to fight recklessly!
You barely miss the gnoll. The gnoll hits you. You block the gnoll's attack.
The gnoll closely misses you.
You slash the gnoll!
The gnoll is severely wounded.
You block the gnoll's attack. The gnoll hits you.
The gnoll hits you but does no damage.
You hit the gnoll.
The gnoll is almost dead.
You block the gnoll's attack.
The gnoll hits you from afar with a spear!
* * * LOW HITPOINT WARNING * * *
The gnoll hits you.
* * * LOW HITPOINT WARNING * * *
Okay, then.
Unknown command.
Okay, then.
Unknown command.
Okay, then.
It was a potion of lignification.
You turn into a tree.
Your +0 scale mail melds into your body.
Your roots penetrate the ground.
You block the gnoll's attack. The gnoll hits you but does no damage.
You closely miss the gnoll.
The gnoll is almost dead.
The gnoll barely misses you. The gnoll hits you but does no damage.
It was a potion of degeneration.
There was something very wrong with that liquid.
You feel weakened.
You feel dopey.
You feel clumsy. The gnoll hits you but does no damage.
You block the gnoll's attack.
It was a potion of cancellation.
Your magical effects are unravelling.
You feel magically purged.
You feel less wooden.
Your +0 scale mail unmelds from your body.
The gnoll hits you from afar with a spear.
You die...

# # #.#.# #. ...# #.
#..# .. #.###..# ...
......#########....
#.......##.........
#..#.##.##....$.#..
#..#...lg@.........
#.!...#g##......##.
.##..<#.#.##.........
...........l.#######....
.#######.##### ##. #.#
#.# #.# #.#


You could see 2 gnolls and a frilled lizard.

Vanquished Creatures
  A gnoll (D:3)
  An adder (D:2)
  A worm (D:2)
  5 dart slugs
  A leopard gecko (D:2)
  2 giant cockroaches
  6 goblins
  2 hobgoblins (D:2)
  4 jackals (D:2)
  5 kobolds
  7 bats
  4 frilled lizards
  4 rats
43 creatures vanquished.

Notes
Turn   | Place    | Note
-------+----------+-------------------------------------------
     0 | D:1      | Mgcat the Barachi Fighter began the quest for the Orb.
     0 | D:1      | Reached XP level 1. HP: 18/18 MP: 1/1
    32 | D:1      | Reached XP level 2. HP: 25/25 MP: 2/2
    41 | D:1      | Reached skill level 4 in Fighting
   276 | D:1      | Reached skill level 3 in Axes
   505 | D:1      | Reached XP level 3. HP: 30/30 MP: 3/3
   973 | D:2      | Found a stormy altar of Qazlal.
   974 | D:2      | Noticed a water elemental
   976 | D:2      | Noticed an earth elemental
   978 | D:2      | Noticed an air elemental
   978 | D:2      | Noticed a fire elemental
  1169 | D:2      | Reached skill level 4 in Axes
  1332 | D:2      | Reached XP level 4. HP: 32/37 MP: 4/4
  1615 | D:3      | HP: 7/37 [gnoll/spear (8)]
  1615 | D:3      | HP: 1/37 [gnoll (6)]
  1619 | D:3      | Slain by a gnoll

Skill      XL: |  1  2  3 |
---------------+----------+-----
Fighting       | 4 |  4.1
Axes           | 3 4 |  4.6
Armour         | |  3.6
Shields        | |  3.2

Action                   |  1- 3 |  4- 6 || total
-------------------------+-------+-------++-------
Melee: War axe           |   112 |    24 ||   136
  Use: Potion            |       |     3 ||     3
  Eat: Chunk             |     2 |     1 ||     3
Armor: Scale mail        |    49 |     4 ||    53
       Skin              |       |     3 ||     3
Dodge: Dodged            |    36 |     6 ||    42
Block: Shield            |    72 |    22 ||    94

Vault maps used:
D:1:      lightli_iron_boxes, st_stairs_9
D:2:      nicolae_qazlal_style_of_elements, item_on_display_a

Table legend:
 A = Turns spent in this place as a percentage of turns spent in the entire game.
 B = Non-inter-level travel turns spent in this place as a percentage of non-inter-level travel turns spent in the entire game.
 C = Inter-level travel turns spent in this place as a percentage of turns spent in this place.
 D = Turns resting spent in this place as a percentage of non-inter-level travel turns spent in this place.
 E = Turns spent auto-exploring this place as a percentage of non-inter-level travel turns spent in this place.
 F = Non-inter-level travel turns spent in this place divided by the number of levels of this place that you've seen.
                   A       B       C       D       E      F
               +-------+-------+-------+-------+-------+----------------------
         Total | 100.0 | 100.0 |   0.8 |   0.0 |  82.5 | 535.3
       Dungeon | 100.0 | 100.0 |   0.8 |   0.0 |  82.5 | 535.3
               +-------+-------+-------+-------+-------+----------------------

Table legend:
 A = Kills in this place as a percentage of kills in entire the game.
 B = Kills by you in this place as a percentage of kills by you in the entire game.
 C = Kills by friends in this place as a percentage of kills by friends in the entire game.
 D = Other kills in this place as a percentage of other kills in the entire game.
 E = Experience gained in this place as a percentage of experience gained in the entire game.
 F = Experience gained in this place divided by the number of levels of this place that you have seen.
                   A       B       C       D       E      F
               +-------+-------+-------+-------+-------+----------------------
         Total | 100.0 | 100.0 |   N/A |   N/A | 100.0 |  36.7
       Dungeon | 100.0 | 100.0 |   N/A |   N/A | 100.0 |  36.7
               +-------+-------+-------+-------+-------+----------------------
